 Dungeon Crawl Stone Soup version 0.31-a0-145-g046c7d2549 (webtiles) character file.

Game seed: 11459475390375673861

9 Galileo100 the Grave Robber (level 2, -3/19 HPs)
             Began as a Mummy Necromancer on June 5, 2023.
             Slain by a gnoll
             ... wielding a +0 spear
              (4 damage)
             ... on level 2 of the Dungeon.
             The game lasted 00:03:52 (318 turns).

Galileo100 the Grave Robber (Mummy Necromancer)      Turns: 318, Time: 00:03:53

Health: -3/19      AC:  2    Str: 11    XL:     2   Next: 3%
Magic:  0/5        EV: 12    Int: 14    God:
Gold:   56         SH:  0    Dex: 12    Spells: 5/6 levels left

rFire   x . .        b - +0 dagger
rCold   + . .        (no shield)
rNeg    + + +        a - +0 robe
rPois   ∞            (no helmet)
rElec   .            (no cloak)
rCorr   .            (no gloves)
SInv    .            (no boots)
Will    .....        (no amulet)
Stlth   ++           (no ring)
HPRegen 0.23/turn    (no ring)
MPRegen 0.09/turn

%: faith
@: no status effects
A: cold resistance 1, negative energy resistance 3, torment resistance 2, heat
vulnerability 1, no potions, faith
a: no special abilities


You were on level 2 of the Dungeon.
You visited 1 branch of the dungeon, and saw 2 of its levels.

You collected 56 gold pieces.

Inventory:

Hand Weapons
 b - a +0 dagger (weapon)
Armour
 a - a +0 robe (worn)


   Skills:
 + Level 1.5 Dodging
 + Level 1.7 Stealth
 + Level 2.9 Spellcasting
 + Level 4.2 Necromancy


You had 5 spell levels left.
You knew the following spells:

 Your Spells              Type           Power      Damage    Failure   Level
a - Necrotise             Necr           56%        1d6       3%          1

Your spell library contained the following spells:

 Spells                   Type           Power      Damage    Failure   Level
 Vampiric Draining        Necr           14%        2d7       11%         3
 Animate Dead             Necr           14%        N/A       36%         4
 Agony                    Necr           14%        N/A       71%         5


Dungeon Overview and Level Annotations

Branches:
Dungeon (2/15)

Altars:


Innate Abilities, Weirdness & Mutations

You are immune to poison.
Your flesh is cold resistant. (rC+)
You are immune to negative energy. (rN+++)
You are immune to unholy pain and torment.
You are vulnerable to heat. (rF-)
You do not drink.
You have a special connection with the divine. (Faith)


Message History

Press: ? - help, Shift-Dir - straight line, f - gnoll
Aim: a gnoll, wielding a +0 flail (chance to affect: 78%)
The gnoll writhes in agony.
The gnoll shouts! x2
Casting: Necrotise (safe; 3% risk of failure)
Confirm with . or Enter, or press ? or * to list all spells.
Aiming: Necrotise (safe; 3% risk of failure)
Press: ? - help, Shift-Dir - straight line, f/p - gnoll
Aim: a gnoll, wielding a +0 flail (heavily wounded, chance to affect: 78%)
The gnoll writhes in agony.
Casting: Necrotise (safe; 3% risk of failure)
Confirm with . or Enter, or press ? or * to list all spells.
Aiming: Necrotise (safe; 3% risk of failure)
Press: ? - help, Shift-Dir - straight line, f/p - gnoll
Aim: a gnoll, wielding a +0 flail (heavily wounded, chance to affect: 78%)
The gnoll barely resists.
Casting: Necrotise (safe; 3% risk of failure)
Confirm with . or Enter, or press ? or * to list all spells.
You don't know that spell.
Unknown command.
Casting: Necrotise (safe; 3% risk of failure)
Confirm with . or Enter, or press ? or * to list all spells.
Aiming: Necrotise (safe; 3% risk of failure)
Press: ? - help, Shift-Dir - straight line, f/p - gnoll
Aim: a gnoll, wielding a +0 flail (heavily wounded, chance to affect: 78%)
The gnoll writhes in agony.
The gnoll hits you with a +0 flail!
Casting: Necrotise (safe; 3% risk of failure)
Confirm with . or Enter, or press ? or * to list all spells.
Aiming: Necrotise (safe; 3% risk of failure)
Press: ? - help, Shift-Dir - straight line, f/p - gnoll
Aim: a gnoll, wielding a +0 flail (almost dead, chance to affect: 78%)
The gnoll barely resists.
The gnoll barely misses you. The gnoll misses you.
The gnoll hits you from afar with a +0 halberd!
Ouch! That really hurt!
* * * LOW HITPOINT WARNING * * *
You hit the gnoll.
You kill the gnoll!
The gnoll barely misses you. x2
The gnoll hits you from afar with a +0 spear.
You die...

#....###. #.....#
..Z...... #.....#
#########+# #.....#
##.....##.######.....#
.......##..... +.....+
##.######...# #.....#
##.# #..#####.gg..#
##.# ##......g)....#
##.#####........@#####
##.##............#
##.>.............#
##.......#.......#
######.#.#.......#
.......#.....)...#
#####..........###
......####.. #......+
..


You could see 3 gnolls.

Vanquished Creatures
  A gnoll (D:2)
  2 endoplasms
  2 goblins (D:1)
  A ball python (D:2)
  2 rats
8 creatures vanquished.

Vanquished Creatures (collateral kills)
  A goblin (D:1)
1 creature vanquished.

Grand Total: 9 creatures vanquished

Notes
Turn   | Place    | Note
-------+----------+-------------------------------------------
     0 | D:1      | Galileo100 the Mummy Necromancer began the quest for the
                  | Orb.
     0 | D:1      | Reached XP level 1. HP: 13/13 MP: 4/4
   201 | D:2      | Reached XP level 2. HP: 16/19 MP: 0/5
   318 | D:2      | Slain by a gnoll

Illustrated notes

Levels and vault maps discovered:
D:1:      scummos_arrival_gate, layout_loops_cross, st_stairs_6,
          minmay_tromino_v4_b
D:2:      layout_basic, serial_shops, nicolae_shop_crystal,
          nicolae_underground_beach

Action                     || total
---------------------------++-------
  Melee: Dagger            ||     4
   Cast: Necrotise         ||    18
   Stab: Distracted        ||     1
  Dodge: Dodged            ||     5

Table legend: (Time is in decaauts)
 A = Elapsed time spent in this place.
 B = Non-inter-level travel time spent in this place.
 C = Inter-level travel time spent in this place.
 D = Time resting spent in this place.
 E = Time spent auto-exploring this place.
 F = Levels seen in this place.
 G = Mean time per level.
                   A        B        C        D        E       F      G
               +--------+--------+--------+--------+--------+-----+--------+
         Total |    317 |    258 |     59 |      0 |     55 |   2 |  158.5 |
       Dungeon |    317 |    258 |     59 |      0 |     55 |   2 |  158.5 |
               +--------+--------+--------+--------+--------+-----+--------+

Top non-repeatable levels by time:
     D:1: 192 daAuts
     D:2: 124 daAuts
